Map: Kairos Junction LE

Players

BeBop

  • Race: Terran Terran
  • League: Diamond
  • Spawn Location: 11:00

SandboX - Winner!

  • Race: Zerg Zerg
  • League: Gold
  • Spawn Location: 5:00

VOD

Have the link to the VOD?

Description

Time

  • Played on: Aug. 11, 2019, 4:16 p.m.
  • Length: 13:18
Show
View Real Time Build Order
Export as new Build Order

BeBop Terran 

Build Orders:  

Get SALT Encoding   

  12  0:01  SCV  
  13  0:14  SCV  
  14  0:24  Supply Depot  
  14  0:26  SCV  
  15  0:45  SCV  
  15  0:46  Barracks  
  16  0:55  Refinery  
  16  0:57  SCV  
  17  1:09  SCV  
  18  1:20  Refinery  
  18  1:22  SCV  
  19  1:34  SCV, Supply Depot  
  19  1:37  Barracks Tech Lab  
  20  1:46  SCV  
  21  1:58  SCV  
  22  2:05  Marine  
  23  2:14  Orbital Command  
  23  2:22  Stimpack  
  23  2:23  Factory  
  23  2:29  Barracks  
  23  2:34  Marine  
  24  2:53  SCV  
  25  3:04  Marine  
  25  3:05  SCV, Command Center  
  27  3:12  Starport  
  27  3:19  Factory Tech Lab  
  27  3:20  Barracks Reactor  
  27  3:22  Marine  
  27  3:24  SCV  
  29  3:36  SCV  
  29  3:39  Marine  
  31  3:43  Supply Depot  
  31  3:51  Starport Tech Lab  
  31  3:58  Siege Tank, Marine  
  31  4:00  SCV  
  36  4:04  Marine x2  
  36  4:05  Supply Depot  
  38  4:11  Medivac  
  38  4:14  Cloaking Field  
  38  4:16  Marine  
  41  4:26  Marine x2  
  43  4:32  SCV  
  43  4:34  Marine  
  43  4:38  Engineering Bay  
  45  4:44  Marine  
  45  4:45  Orbital Command  
  46  5:00  Liberator  
  46  5:05  Marine x3  
  49  5:07  Cyclone  
  55  5:23  SCV, Marine x3  
  59  5:38  SCV x2  
  59  5:40  Marine  
  62  5:50  SCV x2  
  64  5:57  Supply Depot  
  64  6:02  SCV x2  
  65  6:27  Liberator  
  65  6:31  Marine  
  65  6:32  Marine x2  
  68  6:33  Cyclone  
  68  6:34  SCV  
  68  6:35  SCV  
  73  6:47  SCV x2  
  77  6:49  Marine  
  77  6:53  Supply Depot  
  79  6:59  SCV x2  
  81  7:06  Cyclone  
  84  7:09  Refinery  
  84  7:10  Refinery, Liberator  
  84  7:11  SCV x2, Command Center  
  86  7:16  Supply Depot  
  86  7:23  SCV x2  
  91  7:35  SCV  
  92  7:41  Marine x3  
  92  7:43  Cyclone  
  90  7:54  Liberator  
  90  7:59  Marine  
  91  8:08  SCV x2  
  91  8:09  Marine x2  
  96  8:15  Cyclone  
  96  8:16  Marine  
  100  8:20  SCV x2  
  100  8:25  Refinery  
  100  8:26  Marine  
  103  8:27  Marine  
  103  8:30  Supply Depot  
  103  8:31  Supply Depot  
  103  8:32  SCV  
  105  8:34  Marine  
  106  8:46  Planetary Fortress  
  106  8:47  Cyclone, SCV x2  
  106  8:48  Refinery  
  111  8:55  Liberator  
  111  8:59  SCV x2  
  111  9:01  Barracks  
  113  9:04  Barracks  
  113  9:09  Marine x3  
  115  9:11  SCV  
  115  9:13  SCV  
  121  9:19  Cyclone  
  121  9:23  SCV  
  93  9:26  SCV  
  93  9:27  Marine x3  
  73  9:36  SCV  
  73  9:38  SCV, Liberator  
  75  9:45  Marine x3  
  78  9:51  Bunker, Cyclone, Barracks  
  81  9:53  Marine x2  
  81  9:54  Bunker  
  86  10:02  Marine  
  86  10:03  Marine x2  
  89  10:11  Marine x2  
  91  10:20  Marine x2  
  91  10:21  Marine, Liberator  
  94  10:22  Command Center  
  94  10:23  Command Center  
  94  10:27  Cyclone  
  97  10:29  Marine x2  
  99  10:38  Marine x3  
  105  10:45  Fusion Core  
  105  10:48  Command Center  
  105  10:49  Armory  
  107  10:56  Marine x3, Starport  
  111  10:59  Cyclone, Starport  
  111  11:03  Barracks Reactor x2  
  111  11:04  Barracks Reactor  
  111  11:13  Terran Infantry Weapons Level 1  
  111  11:14  Marine x3  
  111  11:15  Liberator  
  114  11:22  Combat Shield  
  114  11:31  Cyclone  
  114  11:32  Marine x3  
  123  11:34  Starport Tech Lab  
  123  11:35  Starport Tech Lab  
  123  11:37  Armory  
  123  11:49  Marine x7  
  123  11:50  Marine x2  
  132  11:58  Liberator  
  132  12:03  Cyclone  
  132  12:06  Marine  
  132  12:07  Marine x8  
  121  12:24  Marine x2  
  121  12:25  Engineering Bay, Marine x7  
  77  12:42  Marine x3  
  77  12:43  Marine x4  
  61  13:00  Marine  
Show
View Real Time Build Order
Export as new Build Order

SandboX Zerg - Winner!

Build Orders: Hatch First 

Get SALT Encoding   

  12  0:01  Drone  
  13  0:12  Overlord  
  13  0:20  Drone  
  14  0:30  Drone x2  
  14  0:34  Drone  
  17  0:54  Hatchery  
  16  1:00  Drone x2  
  16  1:02  Extractor  
  17  1:08  Drone  
  18  1:19  Spawning Pool  
  18  1:22  Drone  
  18  1:28  Drone  
  19  1:46  Overlord  
  19  1:56  Drone  
  20  2:07  Zergling x4  
  20  2:08  Queen x2  
  22  2:12  Metabolic Boost  
  26  2:16  Drone  
  26  2:20  Drone  
  28  2:35  Extractor  
  28  2:36  Drone  
  29  2:37  Drone  
  30  2:47  Hatchery  
  29  2:54  Drone x2  
  29  2:55  Drone  
  29  2:57  Drone  
  33  3:07  Overlord  
  33  3:08  Drone  
  33  3:09  Drone  
  35  3:22  Spore Crawler  
  35  3:25  Drone x4, Spore Crawler  
  37  3:29  Overlord  
  37  3:38  Overlord  
  37  3:40  Drone x2  
  37  3:41  Drone  
  40  3:52  Drone, Roach Warren  
  40  3:53  Drone x2  
  42  4:01  Queen  
  44  4:14  Drone x5  
  44  4:15  Drone x3  
  52  4:30  Extractor  
  51  4:32  Extractor  
  51  4:36  Drone x9  
  59  4:49  Drone x3  
  62  4:59  Extractor  
  61  5:06  Extractor  
  60  5:07  Extractor  
  60  5:09  Evolution Chamber  
  60  5:11  Roach x4  
  60  5:14  Overlord x4  
  66  5:15  Evolution Chamber  
  65  5:33  Roach x8  
  81  5:42  Zerg Ground Armor Level 1, Zerg Missile Weapons Level 1  
  81  5:49  Drone  
  82  5:50  Overlord  
  82  5:51  Overlord x3  
  82  6:02  Lair  
  82  6:08  Overlord x2  
  82  6:09  Overlord  
  80  6:21  Zergling x2, Roach  
  80  6:22  Roach x9  
  80  6:23  Roach  
  101  6:34  Drone x6  
  107  6:49  Drone x8  
  107  6:54  Spore Crawler  
  114  6:55  Spore Crawler  
  113  7:09  Drone x8  
  113  7:11  Spore Crawler  
  113  7:13  Overlord x2  
  120  7:16  Overlord  
  120  7:22  Glial Reconstitution  
  120  7:30  Hydralisk Den  
  110  7:37  Roach  
  110  7:38  Roach x4  
  96  7:47  Roach x6  
  92  8:04  Roach x5  
  92  8:05  Roach  
  103  8:26  Hydralisk x9  
  109  8:32  Hydralisk  
  119  8:42  Hydralisk x2  
  123  8:54  Hatchery  
  122  9:06  Muscular Augments  
  122  9:23  Roach x12  
  126  9:30  Hydralisk  
  126  9:49  Hydralisk x5  
  126  9:52  Overlord  
  136  9:58  Hatchery  
  135  10:06  Overlord x3  
  135  10:07  Overlord  
  135  10:13  Queen  
  137  10:30  Zerg Ground Armor Level 2, Zerg Missile Weapons Level 2  
  137  10:39  Hydralisk x9  
  137  10:40  Hydralisk  
  157  10:51  Queen  
  157  10:56  Overlord  
  159  11:24  Roach x14  
  159  11:25  Roach x5  
  197  11:40  Lair  
  197  11:44  Spore Crawler  
  196  11:48  Spore Crawler  
  196  11:52  Extractor  
  194  11:54  Extractor  
  194  11:57  Spore Crawler  
  194  12:00  Spore Crawler  
  191  12:02  Hydralisk x4  
  191  12:22  Roach x15  
  147  12:31  Hydralisk x3, Roach x6  
  147  12:32  Hydralisk  
  157  12:37  Hydralisk x2  
Tags
 
Add a new tag
Caveats
  • Supply blocks, unpowered buildings, or Contaminate may cause inaccurate times.
  • Supply counts are checked every 10 seconds.